 Dungeon Crawl Stone Soup version 0.20.0-1-g1cb1d84 (webtiles) character file.

1827 anfisbena the Carver (level 9, 0/90 HPs)
             Began as a Tengu Berserker on May 26, 2017.
             Was an Elder of Trog.
             Slain by a white ugly thing (14 damage)
             ... on level 6 of the Dungeon.
             The game lasted 00:06:07 (6558 turns).

anfisbena the Carver (Tengu Berserker)              Turns: 6558, Time: 00:06:07

Health: 0/90       AC: 11    Str: 23    XL:     9   Next: 11%
Magic:  10/10      EV:  4    Int:  6    God:    Trog [****..]
Gold:   373        SH: 10    Dex: 15    Spells: 8/8 levels left

rFire    . . .     SeeInvis .   z - +0 long sword
rCold    . . .     Gourm    +   f - +2 shield
rNeg     . . .     Faith    .   k - +0 plate armour
rPois    +         Spirit   .   a - +1 hat
rElec    .         Reflect  .   d - scarf {repulsion}
rCorr    .         Harm     .   (no gloves)
MR       .....                  (boots unavailable)
Stlth    ..........             q - amulet of the gourmand
Regen    0.3/turn               h - ring of poison resistance
MPRegen  0.2/turn               s - -3 ring of intelligence (curse)

@: berserking, repel missiles, very quick
A: beak, talons 3, able to fly 1
a: Fly, Berserk, Trog's Hand, Brothers in Arms, Burn Spellbooks, Renounce
Religion


You were on level 6 of the Dungeon.
You worshipped Trog.
Trog was greatly pleased with you.
You were not hungry.

You visited 1 branch of the dungeon, and saw 6 of its levels.

You collected 373 gold pieces.

Inventory:

Hand Weapons
 z - a +0 long sword (weapon)
Armour
 a - a +1 hat (worn)
 d - a scarf of repulsion (worn)
 f - a +2 shield (worn)
 k - a +0 plate armour (worn)
Jewellery
 h - a ring of poison resistance (left hand)
 i - an uncursed ring of fire
 q - an amulet of the gourmand (around neck)
 s - a cursed -3 ring of intelligence (right hand)
 A - an uncursed ring of flight
Wands
 t - a wand of polymorph (16/24)
 y - a wand of polymorph (9/24)
Scrolls
 g - 2 scrolls of recharging
 j - a scroll of blinking
 n - a scroll of identify
 o - a scroll of enchant weapon
 w - 4 scrolls of teleportation
Potions
 e - 3 potions of curing {unknown}
 m - a potion of might {unknown}
 p - a potion of haste
 r - a potion of lignification {unknown}
Comestibles
 b - 3 royal jellies
 c - 3 bread rations
 l - 2 meat rations
 x - 5 fruits


   Skills:
 + Level 8.7 Fighting
 + Level 9.4 Long Blades
 - Level 2.1 Armour
 - Level 2.1 Dodging


You had 8 spell levels left.
You didn't know any spells.

Dungeon Overview and Level Annotations

Branches:
Dungeon (6/15)
 Temple: D:4-7

Altars:
Trog

Shops:
D:5 [


Innate Abilities, Weirdness & Mutations

You have a beak for a mouth.
You have claws for feet.
You can fly.


Message History

The white ugly thing claws you!
* * * LOW HITPOINT WARNING * * *
The white ugly thing freezes you!!
* * * LOW HITPOINT WARNING * * *
You slash the white ugly thing! You claw the white ugly thing!
Your peck misses the white ugly thing.
The white ugly thing is heavily wounded.
You block the white ugly thing's attack.
You slash the white ugly thing! You claw the white ugly thing.
The white ugly thing is severely wounded.
You hit the white ugly thing. Your kick misses the white ugly thing.
You peck the white ugly thing!
The white ugly thing is almost dead.
The white ugly thing claws you but does no damage.
You barely miss the white ugly thing.
The white ugly thing is almost dead.
The white ugly thing claws you!
* * * LOW HITPOINT WARNING * * *
The white ugly thing freezes you!
You die...

#.#
####.##
#.....#
#.#####
#.# #####
#F# #....
#y# #.###
#u# #.#
#@#
#####.###
#.#
#....>...
#.#
#.#######
#.# #.#
#.# #.#
#.# #.#
#.#
#.#######
#.#
#.#.....#
#.#
#.#.....#


You could see a white ugly thing, a hornet and a bullfrog.

Vanquished Creatures
  2 ice beasts
  An orc warrior (D:6)
  Duvessa (D:4)
  An ogre (D:6)
  A centaur (D:5)
  Blork the orc (D:6)
  A bullfrog (D:6)
  Dowan (D:4)
  2 scorpions
  A howler monkey (D:6)
  3 wights (D:6)
  2 crimson imps (D:5)
  A bullfrog zombie (D:6)
  3 hounds
  A bullfrog skeleton (D:4)
  2 jellies (D:6)
  3 orc priests
  3 orc wizards
  A centaur skeleton (D:5)
  Ijyb (D:3)
  An iguana (D:6)
  2 worker ants (D:4)
  3 hound skeletons
  A howler monkey zombie (D:6)
  3 gnolls (D:5)
  10 adders
  2 adder skeletons
  2 worms (D:4)
  A leopard gecko (D:5)
  21 orcs
  10 bats
  3 giant cockroaches
  7 goblins
  8 hobgoblins
  6 jackals
  2 quokkas
  A ball python (D:2)
  3 frilled lizards
  A jackal skeleton (D:4)
  13 kobolds
  A quokka zombie (D:5)
  8 rats
141 creatures vanquished.

Vanquished Creatures (others)
  A goblin (D:2)
  3 fungi (D:4)
4 creatures vanquished.

Grand Total: 145 creatures vanquished

Notes
Turn   | Place    | Note
-------+----------+-------------------------------------------
     0 | D:1      | anfisbena the Tengu Berserker began the quest for the Orb.
     0 | D:1      | Reached XP level 1. HP: 14/14 MP: 2/2
   147 | D:1      | Reached XP level 2. HP: 19/19 MP: 3/3
   814 | D:1      | Reached skill level 4 in Long Blades
   814 | D:1      | Reached XP level 3. HP: 17/23 MP: 4/4
  1206 | D:2      | Found a faded altar of an unknown god.
  1376 | D:2      | Reached ** piety under Trog
  1517 | D:2      | Reached XP level 4. HP: 29/29 MP: 5/5
  2237 | D:3      | Noticed Ijyb
  2254 | D:3      | Killed Ijyb
  2254 | D:3      | Gained mutation: You can fly. [Tengu growth]
  2254 | D:3      | Reached XP level 5. HP: 34/34 MP: 6/6
  2506 | D:3      | Reached skill level 5 in Long Blades
  2512 | D:3      | Found a bloodstained altar of Trog.
  2837 | D:4      | Reached skill level 5 in Fighting
  2844 | D:4      | Reached *** piety under Trog
  2969 | D:4      | Reached XP level 6. HP: 40/40 MP: 7/7
  3008 | D:4      | Noticed Duvessa
  3009 | D:4      | Noticed Dowan
  3026 | D:4      | Killed Duvessa
  3028 | D:4      | Killed Dowan
  3028 | D:4      | Reached skill level 6 in Long Blades
  3371 | D:4      | Reached XP level 7. HP: 36/45 MP: 8/8
  4036 | D:5      | Entered Level 5 of the Dungeon
  4354 | D:5      | Reached skill level 7 in Long Blades
  4479 | D:5      | Found Kamasyno's Antique Armour Emporium.
  4750 | D:5      | Reached XP level 8. HP: 53/53 MP: 9/9
  5446 | D:6      | Reached skill level 8 in Long Blades
  5749 | D:6      | Reached **** piety under Trog
  5783 | D:6      | Noticed Blork the orc
  6024 | D:6      | Killed Blork the orc
  6024 | D:6      | Reached skill level 9 in Long Blades
  6031 | D:6      | Reached XP level 9. HP: 60/60 MP: 10/10
  6276 | D:6      | Received a gift from Trog
  6539 | D:6      | Noticed a white ugly thing
  6540 | D:6      | Noticed a hornet
  6558 | D:6      | Slain by a white ugly thing

Skill      XL: |  1  2  3  4  5  6  7  8 |
---------------+-------------------------+-----
Long Blades    | 4 5 6 7 9 |  9.4
Fighting       | 4 5 7 8 |  8.7
Armour         | |  2.1
Dodging        | |  2.1

Action                   |  1- 3 |  4- 6 |  7- 9 || total
-------------------------+-------+-------+-------++-------
Melee: Falchion          |    77 |   187 |     6 ||   270
       Kick              |    16 |    63 |    82 ||   161
       Peck              |    11 |    38 |    42 ||    91
       Unarmed           |       |    11 |       ||    11
       Long sword        |       |       |   236 ||   236
Invok: Burn Spellbooks   |       |     1 |       ||     1
       Berserk           |       |     1 |     8 ||     9
       Trog's Hand       |       |       |     1 ||     1
       Brothers in Arms  |       |       |     1 ||     1
  Use: Scroll            |       |       |    10 ||    10
 Stab: Sleeping          |     1 |       |       ||     1
       Confused          |       |     2 |       ||     2
  Eat: Chunk             |     2 |    25 |    10 ||    37
Armor: Animal skin       |     6 |       |       ||     6
       Plate armour      |    19 |   145 |   134 ||   298
Dodge: Dodged            |    29 |    20 |    20 ||    69
       Deflected         |       |       |     4 ||     4
Block: Shield            |    36 |    94 |   138 ||   268
       Rpst.: Falchion   |     8 |     3 |       ||    11
       Long sword        |       |       |     8 ||     8
